 Dungeon Crawl Stone Soup version 0.31-a0-965-g8a8ce12e04 (webtiles) character file.

Game seed: 6365977515938682608

57 Pixllover the Chopper (level 4, 0/41 HPs)
             Began as a Hill Orc Monk on Oct 26, 2023.
             Slain by Sigmund
             ... wielding a +2 scythe of protection
              (6 damage)
             ... on level 3 of the Dungeon.
             The game lasted 00:03:13 (1906 turns).

Pixllover the Chopper (Hill Orc Monk)               Turns: 1906, Time: 00:03:14

Health: 0/41       AC:  7    Str: 15    XL:     4   Next: 0%
Magic:  4/4        EV: 10    Int: 10    God:
Gold:   98         SH:  0    Dex: 13    Spells: 3/3 levels left

rFire   . . .        a - +0 hand axe
rCold   . . .        d - orb {light}
rNeg    . . .        l - +0 scale mail
rPois   .            (no helmet)
rElec   .            (no cloak)
rCorr   .            (no gloves)
SInv    .            b - +0 pair of boots of Integrity {Will+}
Will    ++...        (no amulet) Stlth
                     n - ring of willpower
HPRegen 0.26/turn    (no ring)
MPRegen 0.09/turn

%: no passive effects
@: glowing
A: no striking features
a: no special abilities


You were on level 3 of the Dungeon.
You visited 1 branch of the dungeon, and saw 3 of its levels.

You collected 98 gold pieces.

Inventory:

Hand Weapons
 a - a +0 hand axe (weapon)
Armour
 b - the +0 pair of boots of Integrity (worn) {Will+}
   (You found it on level 2 of the Dungeon)

   Will+:     It increases your willpower.
 d - an orb of light (worn)
 l - a +0 scale mail (worn)
Jewellery
 n - a ring of willpower (left hand)
Scrolls
 e - a scroll of identify
 f - a scroll of noise
 g - 2 scrolls of teleportation {unknown}
 h - a scroll of fear
 k - a scroll of amnesia {unknown}
Potions
 c - a potion of ambrosia
 i - 2 potions of curing
 j - a potion of magic
 m - a potion of heal wounds {unknown}


   Skills:
 * Level 4.7 Fighting
 + Level 4.7 Axes
 + Level 2.8 Dodging
 + Level 0.1 Stealth


You had 3 spell levels left.
You didn't know any spells.
Your spell library contained the following spells:

 Spells                   Type           Power      Damage    Failure   Level
 Stone Arrow              Conj/Erth      0%         3d7       99%         3
 Animate Armour           Summ/Erth      0%         N/A       100%        4
 Lehudib's Crystal Spear  Conj/Erth      0%         10d2      100%        8


Dungeon Overview and Level Annotations

Branches:
Dungeon (3/15)

Altars:

Annotations:
D:3 Sigmund


Message History

Sigmund hits you with a +2 scythe of protection.
You hit Sigmund but do no damage.
Sigmund is moderately wounded.
You hit Sigmund.
Sigmund is moderately wounded.
Sigmund barely misses you.
You barely miss Sigmund.
Sigmund is moderately wounded.
Sigmund hits you with a +2 scythe of protection!
You hit Sigmund.
Sigmund is moderately wounded.
Sigmund hits you but does no damage.
You hit Sigmund.
Sigmund is heavily wounded.
You hit Sigmund.
Sigmund is heavily wounded.
Sigmund hits you but does no damage.
You closely miss Sigmund.
Sigmund is heavily wounded.
Sigmund hits you with a +2 scythe of protection!
* * * LOW HITPOINT WARNING * * *
You barely miss Sigmund.
Sigmund is heavily wounded.
You barely miss Sigmund.
Sigmund is heavily wounded.
Sigmund completely misses you.
You hit Sigmund.
Sigmund is severely wounded.
Sigmund says, "Your kind have come here before.
I understand now why.
You desire death..."
Sigmund barely misses you.
You hit Sigmund but do no damage.
Sigmund is severely wounded.
Sigmund casts a spell at you. The magic dart hits you!
* * * LOW HITPOINT WARNING * * *
You hit Sigmund but do no damage.
Sigmund is severely wounded.
Sigmund hits you with a +2 scythe of protection.
You die...
Sigmund begins carving another notch in his scythe.

######### #........
#......PP #...... #...#
#@@.# ####...# ##
##......# .##
##.....### ..####
#........### .....##
#.........P.# ......##
#........~.~P .......#
#.........P..
.......####............


You could see Sigmund (invisible).

Vanquished Creatures
  A gnoll (D:1)
  An adder (D:2)
  A dart slug (D:2)
  3 ball pythons
  2 endoplasms (D:1)
  4 giant cockroaches
  2 goblins (D:1)
  5 hobgoblins
  4 quokkas
  2 bats (D:1)
  2 frilled lizards (D:1)
  3 kobolds
  4 rats
34 creatures vanquished.

Notes
Turn   | Place    | Note
-------+----------+-------------------------------------------
     0 | D:1      | Pixllover the Hill Orc Monk began the quest for the Orb.
     0 | D:1      | Reached XP level 1. HP: 19/19 MP: 1/1
   298 | D:1      | Reached XP level 2. HP: 15/28 MP: 2/2
   461 | D:1      | Reached XP level 3. HP: 25/34 MP: 3/3
   555 | D:1      | You fall into a shaft and drop 1 floor!
   988 | D:2      | Identified the +0 pair of boots of Integrity {Will+}
  1845 | D:3      | Reached XP level 4. HP: 41/41 MP: 4/4
  1885 | D:3      | Noticed Sigmund
  1906 | D:3      | Slain by Sigmund

Illustrated notes

Levels and vault maps discovered:
D:1:      spicycebolla_arrival_xxxplode, layout_basic
D:2:      layout_basic, kennysheep_decorative_pillar
D:3:      minmay_general_purpose_star, layout_rooms,
          shapermc_ecumenical_altar_mp_ritualfount, uniq_natasha, uniq_sigmund,
          uniq_crazy_yiuf_cottage

Skill      XL: |  1 |
---------------+----+-----
Fighting       | 4 |  4.7
Axes           | |  4.7
Dodging        | |  2.8
Stealth        | |  0.1

Action                     |  1- 3 |  4- 6 || total
---------------------------+-------+-------++-------
  Melee: Hand axe          |    83 |    15 ||    98
    Use: Scroll            |     4 |       ||     4
 Armour: Robe              |    48 |       ||    48
         Scale mail        |     6 |    11 ||    17
  Dodge: Dodged            |    69 |     3 ||    72

Table legend: (Time is in decaauts)
 A = Elapsed time spent in this place.
 B = Non-inter-level travel time spent in this place.
 C = Inter-level travel time spent in this place.
 D = Time resting spent in this place.
 E = Time spent auto-exploring this place.
 F = Levels seen in this place.
 G = Mean time per level.
                   A        B        C        D        E       F      G
               +--------+--------+--------+--------+--------+-----+--------+
         Total |   1913 |   1863 |     50 |    140 |   1029 |   3 |  637.7 |
       Dungeon |   1913 |   1863 |     50 |    140 |   1029 |   3 |  637.7 |
               +--------+--------+--------+--------+--------+-----+--------+

Top non-repeatable levels by time:
     D:2: 1055 daAuts
     D:1: 790 daAuts
     D:3: 67 daAuts
